 Dungeon Crawl Stone Soup version 0.29.0-4-gdea44cf6ec (webtiles) character file.

Game seed: 12987690293004433255

98577 qw the Warrior (level 15, 0/151 HPs)
             Began as a Minotaur Berserker on Sept 4, 2022.
             Was an Elder of Trog.
             Slain by an orc knight
             ... wielding a +2 great mace
              (17 damage)
             ... on level 15 of the Dungeon.
             The game lasted 00:08:57 (26034 turns).

qw the Warrior (Minotaur Berserker)                Turns: 26034, Time: 00:08:57

Health: 0/151      AC: 26    Str: 33    XL:     15   Next: 75%
Magic:  14/14      EV: 11    Int:  4    God:    Trog [****..]
Gold:   258        SH: 16    Dex: 10    Spells: 14/14 levels left

rFire   + + .      SeeInvis .   s - +6 war axe (elec)
rCold   . . .      Faith    .   b - +0 kite shield
rNeg    . . .      Spirit   .   w - +3 chain mail {rF+}
rPois   +          Reflect  +   h - +2 hat {Will+}
rElec   .          Harm     .   d - +0 cloak
rCorr   +          Rampage  .   u - +2 pair of gloves
Will    ++...                   l - +0 pair of boots
Stlth   ..........              e - amulet of reflection
HPRegen 0.35/turn               y - ring "Jalamot" {Fly rC+ rCorr}
MPRegen 0.14/turn               k - ring of Moderation {Fire rPois Str+4}

@: about to teleport, on berserk cooldown, flying, slowed, very slow
A: horns 2, retaliatory headbutt
a: Renounce Religion, Berserk, Trog's Hand, Brothers in Arms


You were on level 15 of the Dungeon.
You worshipped Trog.
Trog was greatly pleased with you.
You visited 2 branches of the dungeon, and saw 20 of its levels.
You also visited: Ossuary.

You collected 1090 gold pieces.
You spent 832 gold pieces at shops.


Innate Abilities, Weirdness & Mutations

You have a pair of horns on your head.
You reflexively headbutt those who attack you in melee.


   Skills:
 - Level 18.9 Fighting
 - Level 16.1 Axes
 - Level 9.0 Throwing
 - Level 17.0 Armour
 - Level 8.0 Dodging
 + Level 10.5 Shields


You had 14 spell levels left.
You didn't know any spells.
Your spell library was empty.

Inventory:

Hand Weapons
 s - a +6 war axe of electrocution (weapon)
 t - a +2 eveningstar of draining
Missiles
 n - 3 silver boomerangs (quivered)
 o - 2 boomerangs
Armour
 b - a +0 kite shield (worn)
 d - a +0 cloak (worn)
 g - a +0 plate armour
 h - a +2 hat of willpower (worn)
 l - a +0 pair of boots (worn)
 u - a +2 pair of gloves (worn)
 w - a +3 chain mail of fire resistance (worn)
Jewellery
 e - an amulet of reflection (around neck)
 k - the ring of Moderation (right hand) {Fire rPois Str+4}
   (You acquired it on level 11 of the Dungeon)

   [ring of fire]

   It enhances your fire magic.
   Str:       It affects your strength (+4).
   rF:        It protects you from fire.
   rC:        It makes you vulnerable to cold.
   rPois:     It protects you from poison.
 q - a ring of protection from fire
 r - a +6 ring of dexterity
 y - the ring "Jalamot" (left hand) {Fly rC+ rCorr}
   (You found it on level 12 of the Dungeon)

   [ring of resist corrosion]

   rC:        It protects you from cold.
   Fly:       It grants you flight.
   rCorr:     It protects you from acid and corrosion.
 Y - a +4 ring of evasion
Scrolls
 a - 12 scrolls of identify
 p - 11 scrolls of teleportation
Potions
 c - 18 potions of curing
 f - 4 potions of might
 i - 2 potions of mutation
 j - 6 potions of heal wounds
 m - 6 potions of haste
 v - a potion of resistance
 x - a potion of cancellation

Dungeon Overview and Level Annotations

Branches:
Dungeon (15/15)            Temple (0/1) D:6            Lair (5/5) D:10
  Swamp (0/4) Lair:2       Spider (0/4) Lair:2        Slime (0/5) Lair:5
    Orc (0/2) D:12         Vaults (0/5) D:14        Ossuary (visited)
 Depths: D:15

Altars:
Dithmenos
Fedhas
Gozag
Nemelex Xobeh
Sif Muna
Uskayaw
Vehumet
Wu Jian
Yredelemnul
Zin
The Shining One
Jiyva

Shops:
D:10 **

Annotations:
D:6 1 runed translucent door
D:13 4 transporters


Message History

You slash the green ugly thing!
Lightning courses through the green ugly thing!
You kill the green ugly thing!
Trog accepts your kill.
You hit the orc warrior but do no damage.
Lightning courses through the orc warrior!
You barely miss the orc knight. You slash the vampire mosquito!
You destroy the vampire mosquito!
Trog accepts your kill.
You slash the purple ugly thing! You slash the green ugly thing!
Lightning courses through the green ugly thing!
You hit the orc warrior but do no damage.
Lightning courses through the orc warrior!!
You block the purple ugly thing's attack.
You block the green ugly thing's attack.
Your ogre closely misses the orc warrior.
The orc warrior hits you with a +0 war axe!!
The orc warrior hits your ogre with a +0 war axe!!
You block the orc knight's attack.
The green ugly thing kicks you but does no damage.
The purple ugly thing kicks you but does no damage.
26033 ||| READING 12 scrolls of teleportation.
As you read the scroll of teleportation, it crumbles to dust.
You feel strangely unstable.
The sentinel's mark upon you fades away.
Your ogre hits the orc warrior with a +0 giant club!!
The orc warrior dies!
Trog accepts your kill.
The orc knight hits you but does no damage.
The orc warrior hits you but does no damage.
You block the green ugly thing's attack.
The purple ugly thing kicks you!
Your ogre misses the orc warrior.
26034 ||| DRINKING 7 potions of heal wounds.
You feel much better.
The orc warrior no longer looks unusually strong.
The stone giant hits you!
The orc warrior hits you with a +0 war axe.
You block the orc warrior's attack.
The orc knight hits you with a +2 great mace!
You die...

..##...(.#..............
.. ......##.............
..##.................##
.)
#....k.............###
######.............#..
#.#!....#........
###.o.%###.......
#..uCo.##........
#..o@o...........
#.(Oou##.........
#.....##.........
##....##.........
##..............
##..........#..
............# $
.....?.....##
...........#


You could see a stone giant, an orc knight, 2 ugly things, 3 orc warriors, an
orc (strong) and a friendly ogre (summoned, berserk).

Vanquished Creatures
  Rupert (D:14)
  Gastronok (Lair:1)
  Agnes (D:15)
  Kirke (Lair:4)
  5 dire elephants (Lair:5)
  Fannar (Lair:1)
  Erolcha (D:10)
  2 boulder beetles
  4 hydras
  A catoblepas (Lair:5)
  5 centaur warriors
  11 death yaks
  3 two-headed ogres
  7 tengu warriors
  Urug (Lair:1)
  A soul eater (D:13)
  A sixfirhy (D:13)
  4 skeletal warriors (D:14)
  A spectral anaconda (Lair:5)
  A spectral death yak (Lair:5)
  A bog body (Lair:2)
  An orc knight (D:14)
  A deep elf zephyrmancer (D:9)
  4 necromancers (Lair:5)
  8 manticores
  A wolf spider (D:15)
  12 ugly things
  A cyclops (D:13)
  35 elephants
  Maurice (D:8)
  2 black mambas (Lair:5)
  3 orange demons (D:13)
  3 gargoyles
  7 cane toads
  An unseen horror (D:10)
  3 rime drakes
  Psyche (D:9)
  3 kobold demonologists
  A dire elephant skeleton (Lair:5)
  A rime drake (shapeshifter) (D:15)
  5 komodo dragons
  An efreet (D:14)
  A freezing wraith (D:13)
  3 tengu conjurers
  A meliai (shapeshifter) (D:14)
  A red devil (D:13)
  2 hellwings (D:13)
  A troll (shapeshifter) (D:9)
  A hornet (D:10)
  A polar bear (Lair:5)
  2 trolls
  A spectral elephant (Lair:5)
  3 slime creatures (D:13)
  12 dream sheep (Lair:5)
  Grinder (D:4)
  12 blink frogs
  A jumping spider (Lair:2)
  2 water elementals (D:12)
  47 yaks
  2 vampires
  2 wraiths
  3 basilisks
  5 wyverns
  16 humans (D:14)
  Eustachio (D:5)
  9 vampire mosquitoes
  7 hogs (Lair:4)
  An unseen horror simulacrum (D:9)
  Edmund (D:5)
  A neqoxec (D:13)
  An acid dragon (D:12)
  9 water moccasins
  4 orc warriors
  An ice beast (D:5)
  4 sky beasts
  An elephant zombie (Lair:5)
  2 hornet zombies (Ossuary)
  3 black bears
  4 ogres
  7 boggarts (D:14)
  11 wolves
  8 centaurs
  6 phantoms
  2 kobold brigands (D:11)
  11 bullfrogs
  4 scorpions
  2 necrophages
  3 water moccasin zombies (Ossuary)
  A cane toad simulacrum (Lair:5)
  12 wights
  An elephant simulacrum (Lair:5)
  16 killer bees
  3 howler monkeys
  9 electric eels
  5 bullfrog zombies (Ossuary)
  2 centaur zombies (Ossuary)
  3 orc priests
  3 hounds
  6 jellies
  2 gnoll boudas
  A human zombie (D:6)
  3 iguanas
  11 mummies (Ossuary)
  Ijyb (D:5)
  18 orc wizards
  7 hell rats (Lair:2)
  A howler monkey zombie (Ossuary)
  19 gnolls
  7 adders
  2 shadow imps
  A white imp (D:7)
  An ufetubus (D:5)
  A worm (D:2)
  A dart slug (D:2)
  37 orcs
  6 ball pythons
  2 bats (D:3)
  6 endoplasms
  A giant cockroach (D:2)
  6 goblins
  10 hobgoblins
  2 quokkas (D:4)
  4 frilled lizards
  A jackal skeleton (D:6)
  7 kobolds
  3 rats (D:3)
594 creatures vanquished.

Vanquished Creatures (collateral kills)
  An obsidian statue (Lair:5)
  A gargoyle (D:12)
  A yak (Lair:5)
  An orc warrior (D:15)
  A withered plant (Lair:5)
5 creatures vanquished.

Vanquished Creatures (others)
  An unseen horror (D:12)
  2 wights (D:6)
  An orc (D:8)
  A butterfly (D:6)
  A demonic plant (D:13)
  36 fungi
  43 plants
  18 toadstools (D:7)
  30 withered plants
133 creatures vanquished.

Grand Total: 732 creatures vanquished

Notes
Turn   | Place    | Note
-------+----------+-------------------------------------------
     0 | D:1      | qw the Minotaur Berserker began the quest for the Orb.
     0 | D:1      | Reached XP level 1. HP: 19/19 MP: 0/0
     0 | D:1      | 0 ||| qw: Version: 0.1-a-103-gd6f5d3a
     0 | D:1      | 0 ||| qw: Game counter: 5773
     0 | D:1      | 0 ||| qw: Always use a shield: true
     0 | D:1      | 0 ||| qw: Do Orc after D:15 true
     0 | D:1      | 0 ||| qw: Do second Lair branch before Depths: true
     0 | D:1      | 0 ||| qw: Lair rune preference: random
     0 | D:1      | 0 ||| qw: Plans: Normal
     0 | D:1      | 0 ||| PLANNING D:1-11
   267 | D:1      | 267 ||| DROPPING +0 club.
   408 | D:1      | Found a faded altar of an unknown god.
   586 | D:1      | 586 ||| UPGRADING to +2 robe of cold resistance.
   596 | D:1      | 596 ||| DROPPING +0 animal skin.
   597 | D:1      | 597 ||| UPGRADING to +0 plate armour.
   607 | D:1      | 607 ||| DROPPING +2 robe of cold resistance.
   608 | D:1      | 608 ||| DRINKING 4 viscous yellow potions.
   609 | D:1      | 609 ||| DRINKING 2 inky potions.
   610 | D:1      | 610 ||| DROPPING potion of magic.
   642 | D:2      | Reached XP level 2. HP: 26/26 MP: 1/1
   727 | D:2      | 727 ||| Stepping ~*~*~tactically~*~*~ (stealth).
   784 | D:2      | 784 ||| SWAPPING to +1 hand axe of venom.
   785 | D:2      | 785 ||| DROPPING +0 hand axe.
   879 | D:2      | 879 ||| INVOKING Berserk.
   999 | D:2      | 999 ||| Stepping ~*~*~tactically~*~*~ (stealth).
  1250 | D:2      | 1250 ||| UPGRADING to +0 pair of boots.
  1255 | D:2      | 1255 ||| READING scroll labelled KOEMOY DOESTYR.
  1256 | D:2      | 1256 ||| READING scroll labelled QAKLIT DAYPP.
  1256 | D:2      | Identified a scroll of acquirement
  1256 | D:2      | 1256 ||| ACQUIRING +3 vorpal war axe
  1256 | D:2      | Acquired a +3 vorpal war axe
  1258 | D:2      | 1258 ||| SWAPPING to +3 vorpal war axe.
  1259 | D:2      | 1259 ||| DROPPING +1 hand axe of venom.
  1260 | D:2      | 1260 ||| READING scroll labelled WAHUGADUOSCH.
  1261 | D:2      | 1261 ||| READING scroll labelled AFIRIN NOIGIRPH.
  1588 | D:3      | Reached XP level 3. HP: 31/31 MP: 2/2
  1723 | D:3      | 1723 ||| INVOKING Berserk.
  1820 | D:3      | 1820 ||| INVOKING Berserk.
  1994 | D:3      | 1994 ||| DROPPING +0 mace.
  2101 | D:3      | Noticed a phantom
  2111 | D:3      | Killed a phantom
  2112 | D:3      | Reached skill level 6 in Axes
  2112 | D:3      | Reached XP level 4. HP: 36/39 MP: 3/3
  2112 | D:3      | Reached XP level 5. HP: 42/45 MP: 4/4
  2256 | D:3      | Noticed an ogre
  2257 | D:3      | 2257 ||| INVOKING Berserk.
  2259 | D:3      | Killed an ogre
  2582 | D:3      | Noticed an ogre
  2587 | D:3      | 2587 ||| INVOKING Berserk.
  2589 | D:3      | Killed an ogre
  2590 | D:3      | Reached skill level 3 in Armour
  2590 | D:3      | Reached XP level 6. HP: 51/51 MP: 5/5
  3050 | D:3      | 3050 ||| UPGRADING to +0 pair of gloves.
  3055 | D:3      | 3055 ||| READING 2 scrolls labelled WAUCIS DES.
  3198 | D:3      | 3198 ||| READING scroll labelled GULEMIEXZU.
  3199 | D:3      | 3199 ||| READING scroll labelled MALYOM WYCVOH.
  3300 | D:3      | 3300 ||| DROPPING scroll of torment.
  3412 | D:4      | 3412 ||| PLANNING OSSUARY
  3436 | D:4      | Reached skill level 4 in Fighting
  3479 | D:4      | 3479 ||| Stepping ~*~*~tactically~*~*~ (stealth).
  3480 | D:4      | 3480 ||| Stepping ~*~*~tactically~*~*~ (stealth).
  3481 | D:4      | 3481 ||| Stepping ~*~*~tactically~*~*~ (stealth).
  3536 | D:4      | 3536 ||| Stepping ~*~*~tactically~*~*~ (hiding).
  3541 | D:4      | 3541 ||| INVOKING Berserk.
  3629 | D:4      | 3629 ||| INVOKING Berserk.
  3776 | D:4      | 3776 ||| INVOKING Berserk.
  3781 | D:4      | Reached skill level 9 in Axes
  3781 | D:4      | Reached XP level 7. HP: 59/59 MP: 6/6
  3989 | D:4      | Found a sand-covered staircase.
  3990 | D:4      | 3990 ||| READING scroll labelled KALUCR OFET WAUGI.
  3991 | D:4      | 3991 ||| READING scroll labelled QANATHR PIBORIPLYDGH.
  3996 | Ossuary  | Entered an ossuary
  4011 | Ossuary  | 4011 ||| Stepping ~*~*~tactically~*~*~ (stealth).
  4022 | Ossuary  | Reached skill level 5 in Fighting
  4030 | Ossuary  | Reached ** piety under Trog
  4075 | Ossuary  | 4075 ||| Stepping ~*~*~tactically~*~*~ (hiding).
  4076 | Ossuary  | 4076 ||| Stepping ~*~*~tactically~*~*~ (hiding).
  4166 | Ossuary  | Reached XP level 8. HP: 53/68 MP: 7/7
  4181 | Ossuary  | 4181 ||| Stepping ~*~*~tactically~*~*~ (water).
  4226 | Ossuary  | 4226 ||| Stepping ~*~*~tactically~*~*~ (stealth).
  4238 | Ossuary  | Reached skill level 6 in Fighting
  4317 | Ossuary  | 4317 ||| Stepping ~*~*~tactically~*~*~ (stealth).
  4372 | Ossuary  | 4372 ||| Stepping ~*~*~tactically~*~*~ (water).
  4477 | Ossuary  | 4477 ||| UPGRADING to +4 ring of evasion.
  4478 | Ossuary  | 4478 ||| READING scroll labelled CIAFAITRUNTO.
  4479 | Ossuary  | 4479 ||| READING scroll labelled ANEMOAG KAOV.
  4480 | Ossuary  | 4480 ||| READING 2 scrolls labelled ALEIKK GUICSA.
  4481 | Ossuary  | 4481 ||| DRINKING 2 black potions.
  4482 | Ossuary  | 4482 ||| DRINKING 3 sedimented green potions.
  4483 | Ossuary  | 4483 ||| DRINKING 2 bubbling clear potions.
  4514 | Ossuary  | 4514 ||| READING 5 scrolls of identify.
  4514 | Ossuary  | 4514 ||| IDENTIFYING sedimented dark potion
  4515 | Ossuary  | 4515 ||| READING 4 scrolls of identify.
  4515 | Ossuary  | 4515 ||| IDENTIFYING bubbling emerald potion
  4516 | Ossuary  | 4516 ||| READING 3 scrolls of identify.
  4516 | Ossuary  | 4516 ||| IDENTIFYING red potion
  4517 | Ossuary  | 4517 ||| READING 2 scrolls of identify.
  4517 | Ossuary  | 4517 ||| IDENTIFYING orange potion
  4518 | Ossuary  | 4518 ||| DROPPING potion of degeneration.
  4519 | Ossuary  | 4519 ||| DROPPING potion of berserk rage.
  4520 | Ossuary  | 4520 ||| DROPPING potion of lignification.
  4521 | Ossuary  | 4521 ||| DROPPING scroll of magic mapping.
  4539 | D:4      | 4539 ||| PLANNING D:1-11
  4853 | D:4      | Noticed Grinder
  4854 | D:4      | 4854 ||| INVOKING Trog's Hand.
  4858 | D:4      | 4858 ||| INVOKING Berserk.
  4866 | D:4      | 4866 ||| INVOKING Trog's Hand.
  4871 | D:4      | 4871 ||| Stepping ~*~*~tactically~*~*~ (hiding).
  4873 | D:4      | Killed Grinder
  5208 | D:5      | Entered Level 5 of the Dungeon
  5222 | D:5      | 5222 ||| Stepping ~*~*~tactically~*~*~ (hiding).
  5224 | D:5      | 5224 ||| Stepping ~*~*~tactically~*~*~ (hiding).
  5225 | D:5      | 5225 ||| Stepping ~*~*~tactically~*~*~ (hiding).
  5229 | D:5      | 5229 ||| STAIRDANCE
  5364 | D:5      | 5364 ||| INVOKING Berserk.
  5400 | D:5      | Reached skill level 12 in Axes
  5531 | D:5      | Noticed Ijyb
  5534 | D:5      | 5534 ||| INVOKING Berserk.
  5539 | D:5      | Killed Ijyb
  5544 | D:5      | Noticed Edmund
  5546 | D:5      | Noticed Eustachio
  5555 | D:5      | Killed Edmund
  5556 | D:5      | Reached XP level 9. HP: 33/78 MP: 8/8
  5562 | D:5      | Reached skill level 6 in Armour
  5568 | D:5      | Killed Eustachio
  5569 | D:5      | Reached skill level 7 in Fighting
  5840 | D:5      | 5840 ||| Stepping ~*~*~tactically~*~*~ (stealth).
  5866 | D:5      | Found a sparkling altar of Nemelex Xobeh.
  5916 | D:5      | 5916 ||| INVOKING Berserk.
  6211 | D:5      | 6211 ||| READING 2 scrolls of identify.
  6211 | D:5      | 6211 ||| IDENTIFYING murky white potion
  6212 | D:5      | 6212 ||| DROPPING potion of brilliance.
  6355 | D:6      | Reached skill level 8 in Fighting
  6409 | D:6      | 6409 ||| Stepping ~*~*~tactically~*~*~ (stealth).
  6411 | D:6      | 6411 ||| Stepping ~*~*~tactically~*~*~ (stealth).
  6455 | D:6      | Found a radiant altar of Vehumet.
  6497 | D:6      | Reached *** piety under Trog
  6502 | D:6      | Found a staircase to the Ecumenical Temple.
  6516 | D:6      | 6516 ||| FLEEEEING.
  6517 | D:6      | 6517 ||| FLEEEEING.
  6518 | D:6      | 6518 ||| FLEEEEING.
  6519 | D:6      | 6519 ||| FLEEEEING.
  6524 | D:6      | 6524 ||| FLEEEEING.
  6533 | D:6      | 6533 ||| FLEEEEING.
  6534 | D:6      | 6534 ||| FLEEEEING.
  6535 | D:6      | 6535 ||| FLEEEEING.
  6536 | D:6      | 6536 ||| FLEEEEING.
  6537 | D:6      | 6537 ||| FLEEEEING.
  6538 | D:6      | 6538 ||| FLEEEEING.
  6544 | D:6      | 6544 ||| FLEEEEING.
  6545 | D:6      | 6545 ||| FLEEEEING.
  6551 | D:6      | 6551 ||| FLEEEEING.
  6552 | D:6      | 6552 ||| FLEEEEING.
  6559 | D:6      | 6559 ||| FLEEEEING.
  6560 | D:6      | 6560 ||| FLEEEEING.
  6567 | D:6      | 6567 ||| FLEEEEING.
  6568 | D:6      | 6568 ||| FLEEEEING.
  6574 | D:6      | 6574 ||| FLEEEEING.
  6575 | D:6      | 6575 ||| FLEEEEING.
  6580 | D:6      | 6580 ||| INVOKING Berserk.
  6745 | D:6      | 6745 ||| INVOKING Berserk.
  7069 | D:6      | Found a runed translucent door.
  7071 | D:6      | Found a basalt altar of Yredelemnul.
  7072 | D:6      | 7072 ||| UPGRADING to +6 ring of dexterity.
  7073 | D:6      | 7073 ||| READING scroll labelled JOYTIBB YL TIUSH.
  7074 | D:6      | 7074 ||| READING 3 scrolls of identify.
  7074 | D:6      | 7074 ||| IDENTIFYING puce potion
  7075 | D:6      | 7075 ||| DROPPING potion of flight.
  7076 | D:6      | 7076 ||| READING scroll of teleportation.
  7077 | D:6      | 7077 ||| FLEEEEING.
  7078 | D:6      | 7078 ||| FLEEEEING.
  7079 | D:6      | 7079 ||| FLEEEEING.
  7080 | D:6      | Found an opulent altar of Gozag.
  7080 | D:6      | Found an opulent altar of Gozag.
  7080 | D:6      | Found an opulent altar of Gozag.
  7115 | D:6      | 7115 ||| Stepping ~*~*~tactically~*~*~ (hiding).
  7165 | D:6      | Found an opulent altar of Gozag.
  7212 | D:6      | Reached skill level 3 in Dodging
  7298 | D:6      | 7298 ||| Stepping ~*~*~tactically~*~*~ (stealth).
  7820 | D:6      | 7820 ||| UPGRADING to amulet of reflection.
  7850 | D:7      | 7850 ||| Stepping ~*~*~tactically~*~*~ (stealth).
  7851 | D:7      | 7851 ||| Stepping ~*~*~tactically~*~*~ (stealth).
  7853 | D:7      | 7853 ||| INVOKING Berserk.
  7887 | D:7      | 7887 ||| FLEEEEING.
  7888 | D:7      | 7888 ||| FLEEEEING.
  7889 | D:7      | 7889 ||| FLEEEEING.
  7890 | D:7      | 7890 ||| FLEEEEING.
  7891 | D:7      | 7891 ||| FLEEEEING.
  7892 | D:7      | 7892 ||| FLEEEEING.
  7893 | D:7      | 7893 ||| FLEEEEING.
  7894 | D:7      | 7894 ||| FLEEEEING.
  7895 | D:7      | 7895 ||| FLEEEEING.
  7914 | D:7      | 7914 ||| SWAPPING to +2 war axe of electrocution.
  7915 | D:7      | 7915 ||| DROPPING +3 war axe of venom.
  7955 | D:7      | 7955 ||| Stepping ~*~*~tactically~*~*~ (hiding).
  7957 | D:7      | 7957 ||| FLEEEEING.
  7961 | D:7      | Reached XP level 10. HP: 62/88 MP: 9/9
  7962 | D:7      | 7962 ||| INVOKING Berserk.
  7999 | D:7      | 7999 ||| Stepping ~*~*~tactically~*~*~ (stealth).
  8002 | D:7      | 8002 ||| Stepping ~*~*~tactically~*~*~ (stealth).
  8022 | D:7      | 8022 ||| Stepping ~*~*~tactically~*~*~ (stealth).
  8032 | D:7      | 8032 ||| Stepping ~*~*~tactically~*~*~ (stealth).
  8033 | D:7      | 8033 ||| Stepping ~*~*~tactically~*~*~ (stealth).
  8034 | D:7      | 8034 ||| Stepping ~*~*~tactically~*~*~ (stealth).
  8043 | D:7      | 8043 ||| Stepping ~*~*~tactically~*~*~ (stealth).
  8050 | D:7      | 8050 ||| Stepping ~*~*~tactically~*~*~ (stealth).
  8051 | D:7      | 8051 ||| Stepping ~*~*~tactically~*~*~ (stealth).
  8052 | D:7      | 8052 ||| Stepping ~*~*~tactically~*~*~ (stealth).
  8053 | D:7      | 8053 ||| Stepping ~*~*~tactically~*~*~ (hiding).
  8054 | D:7      | 8054 ||| Stepping ~*~*~tactically~*~*~ (hiding).
  8055 | D:7      | 8055 ||| INVOKING Berserk.
  8218 | D:7      | 8218 ||| Stepping ~*~*~tactically~*~*~ (stealth).
  8284 | D:7      | Reached skill level 1 in Throwing
  8392 | D:7      | 8392 ||| Stepping ~*~*~tactically~*~*~ (stealth).
  8593 | D:7      | Found a blossoming altar of Fedhas.
  8620 | D:7      | Noticed an oklob plant
  8860 | D:7      | 8860 ||| Stepping ~*~*~tactically~*~*~ (stealth).
  8868 | D:7      | 8868 ||| Stepping ~*~*~tactically~*~*~ (hiding).
  8984 | D:7      | Found a glowing silver altar of Zin.
  9457 | D:7      | 9457 ||| READING scroll labelled WUAFIU VOUCSE.
  9508 | D:8      | Reached skill level 15 in Axes
  9596 | D:8      | Reached skill level 9 in Fighting
  9635 | D:8      | Noticed Maurice
  9657 | D:8      | 9657 ||| INVOKING Berserk.
  9683 | D:8      | Killed Maurice
  9788 | D:8      | 9788 ||| FLEEEEING.
  9789 | D:8      | 9789 ||| FLEEEEING.
  9790 | D:8      | 9790 ||| FLEEEEING.
  9791 | D:8      | 9791 ||| FLEEEEING.
  9792 | D:8      | 9792 ||| FLEEEEING.
  9793 | D:8      | 9793 ||| FLEEEEING.
  9794 | D:8      | 9794 ||| FLEEEEING.
  9795 | D:8      | 9795 ||| FLEEEEING.
  9796 | D:8      | 9796 ||| FLEEEEING.
  9971 | D:8      | 9971 ||| Stepping ~*~*~tactically~*~*~ (stealth).
  9972 | D:8      | 9972 ||| Stepping ~*~*~tactically~*~*~ (stealth).
  9980 | D:8      | 9980 ||| Stepping ~*~*~tactically~*~*~ (hiding).
  9981 | D:8      | 9981 ||| Stepping ~*~*~tactically~*~*~ (hiding).
  9982 | D:8      | 9982 ||| Stepping ~*~*~tactically~*~*~ (hiding).
  9984 | D:8      | 9984 ||| Stepping ~*~*~tactically~*~*~ (hiding).
  9985 | D:8      | 9985 ||| Stepping ~*~*~tactically~*~*~ (hiding).
  9986 | D:8      | 9986 ||| Stepping ~*~*~tactically~*~*~ (hiding).
  9997 | D:8      | 9997 ||| INVOKING Berserk.
 10013 | D:8      | 10013 ||| Stepping ~*~*~tactically~*~*~ (stealth).
 10014 | D:8      | 10014 ||| FLEEEEING.
 10023 | D:8      | 10023 ||| STAIRDANCE
 10037 | D:7      | Reached **** piety under Trog
 10212 | D:7      | 10212 ||| DROPPING +0 club.
 10213 | D:7      | 10213 ||| UPGRADING to +0 cloak.
 10378 | D:8      | 10378 ||| Stepping ~*~*~tactically~*~*~ (hiding).
 10379 | D:8      | 10379 ||| Stepping ~*~*~tactically~*~*~ (hiding).
 10493 | D:8      | 10493 ||| READING scroll of enchant weapon.
 10493 | D:8      | 10493 ||| ENCHANTING +3 war axe of electrocution.
 10642 | D:8      | Noticed a two-headed ogre
 10646 | D:8      | 10646 ||| INVOKING Berserk.
 10647 | D:8      | Killed a two-headed ogre
 10811 | D:8      | 10811 ||| UPGRADING to ring of protection from fire.
 10813 | D:8      | 10813 ||| READING 5 scrolls of identify.
 10813 | D:8      | 10813 ||| IDENTIFYING silvery potion
 10814 | D:8      | 10814 ||| DROPPING potion of invisibility.
 10845 | D:9      | 10845 ||| INVOKING Berserk.
 10864 | D:9      | 10864 ||| Stepping ~*~*~tactically~*~*~ (stealth).
 10980 | D:9      | Noticed a gargoyle
 10981 | D:9      | Noticed a centaur warrior
 10985 | D:9      | Noticed a deep elf zephyrmancer
 10988 | D:9      | Killed a gargoyle
 10990 | D:9      | Killed a deep elf zephyrmancer
 10991 | D:9      | Reached XP level 11. HP: 60/97 MP: 10/10
 10994 | D:9      | Killed a centaur warrior
 11161 | D:9      | Noticed a red ugly thing
 11165 | D:9      | Killed a red ugly thing
 11166 | D:9      | Reached skill level 9 in Armour
 11303 | D:9      | 11303 ||| Stepping ~*~*~tactically~*~*~ (stealth).
 11305 | D:9      | 11305 ||| Stepping ~*~*~tactically~*~*~ (stealth).
 11306 | D:9      | 11306 ||| Stepping ~*~*~tactically~*~*~ (stealth).
 11308 | D:9      | 11308 ||| Stepping ~*~*~tactically~*~*~ (stealth).
 11346 | D:9      | 11346 ||| Stepping ~*~*~tactically~*~*~ (stealth).
 11349 | D:9      | Noticed a centaur warrior
 11350 | D:9      | 11350 ||| Stepping ~*~*~tactically~*~*~ (stealth).
 11351 | D:9      | 11351 ||| INVOKING Berserk.
 11364 | D:9      | 11364 ||| Stepping ~*~*~tactically~*~*~ (stealth).
 11371 | D:9      | Killed a centaur warrior
 11372 | D:9      | Reached skill level 10 in Fighting
 11655 | D:9      | 11655 ||| Stepping ~*~*~tactically~*~*~ (stealth).
 11656 | D:9      | 11656 ||| Stepping ~*~*~tactically~*~*~ (stealth).
 11657 | D:9      | 11657 ||| Stepping ~*~*~tactically~*~*~ (stealth).
 11715 | D:9      | Found a shimmering blue altar of Sif Muna.
 11882 | D:9      | Noticed Psyche
 11895 | D:9      | Killed Psyche
 11940 | D:9      | 11940 ||| Stepping ~*~*~tactically~*~*~ (stealth).
 11941 | D:9      | 11941 ||| Stepping ~*~*~tactically~*~*~ (stealth).
 11956 | D:9      | 11956 ||| Stepping ~*~*~tactically~*~*~ (stealth).
 11957 | D:9      | 11957 ||| Stepping ~*~*~tactically~*~*~ (stealth).
 11975 | D:9      | Found an ornate altar of the Wu Jian Council.
 11986 | D:9      | 11986 ||| INVOKING Berserk.
 12057 | D:9      | Noticed a tengu warrior
 12063 | D:9      | Killed a tengu warrior
 12091 | D:9      | 12091 ||| Stepping ~*~*~tactically~*~*~ (stealth).
 12172 | D:9      | 12172 ||| Stepping ~*~*~tactically~*~*~ (stealth).
 12312 | D:9      | Found a glowing golden altar of the Shining One.
 12368 | D:10     | Entered Level 10 of the Dungeon
 12459 | D:10     | Found a staircase to the Lair.
 12471 | D:10     | Reached skill level 11 in Fighting
 12491 | D:10     | Found a hide-covered altar of Uskayaw.
 12497 | D:10     | 12497 ||| Stepping ~*~*~tactically~*~*~ (stealth).
 12502 | D:10     | 12502 ||| Stepping ~*~*~tactically~*~*~ (hiding).
 12535 | D:10     | Noticed a two-headed ogre
 12536 | D:10     | 12536 ||| Stepping ~*~*~tactically~*~*~ (stealth).
 12537 | D:10     | 12537 ||| Stepping ~*~*~tactically~*~*~ (stealth).
 12539 | D:10     | 12539 ||| Stepping ~*~*~tactically~*~*~ (stealth).
 12540 | D:10     | 12540 ||| Stepping ~*~*~tactically~*~*~ (stealth).
 12542 | D:10     | 12542 ||| Stepping ~*~*~tactically~*~*~ (stealth).
 12543 | D:10     | Noticed Erolcha
 12544 | D:10     | 12544 ||| Stepping ~*~*~tactically~*~*~ (hiding).
 12546 | D:10     | 12546 ||| INVOKING Berserk.
 12547 | D:10     | Killed a two-headed ogre
 12552 | D:10     | Killed Erolcha
 12791 | D:10     | Found Ucsu's General Store.
 12793 | D:10     | Found Pytrom's Specific Store.
 12797 | D:10     | 12797 ||| BUYING +1 pair of gloves (172 gold).
 12797 | D:10     | Bought a +1 pair of gloves for 172 gold pieces
 12797 | D:10     | 12797 ||| BUYING potion of resistance (150 gold).
 12797 | D:10     | Bought a potion of resistance for 150 gold pieces
 12797 | D:10     | 12797 ||| BUYING scroll of teleportation (45 gold).
 12797 | D:10     | Bought a scroll of teleportation for 45 gold pieces
 12797 | D:10     | 12797 ||| BUYING scroll of teleportation (45 gold).
 12797 | D:10     | Bought a scroll of teleportation for 45 gold pieces
 12958 | D:10     | Found a shadowy altar of Dithmenos.
 13075 | D:10     | 13075 ||| PLANNING LAIR
 13075 | D:10     | 13075 ||| UPGRADING to +1 pair of gloves.
 13085 | D:10     | 13085 ||| DROPPING +0 pair of gloves.
 13086 | D:10     | 13086 ||| READING scroll labelled BOXKUDGHO RANOASM.
 13087 | D:10     | 13087 ||| READING scroll labelled JUR ZEORREAT.
 13088 | D:10     | 13088 ||| READING scroll labelled ZAMOIMIKHU.
 13089 | D:10     | 13089 ||| READING 4 scrolls of teleportation.
 13098 | Lair:1   | Entered Level 1 of the Lair of Beasts
 13114 | Lair:1   | 13114 ||| INVOKING Berserk.
 13272 | Lair:1   | Noticed Urug
 13273 | Lair:1   | 13273 ||| Stepping ~*~*~tactically~*~*~ (stealth).
 13280 | Lair:1   | 13280 ||| Stepping ~*~*~tactically~*~*~ (stealth).
 13281 | Lair:1   | 13281 ||| Stepping ~*~*~tactically~*~*~ (stealth).
 13284 | Lair:1   | 13284 ||| INVOKING Berserk.
 13293 | Lair:1   | Killed Urug
 13294 | Lair:1   | Reached skill level 12 in Fighting
 13294 | Lair:1   | Reached XP level 12. HP: 112/112 MP: 11/11
 13415 | Lair:1   | 13415 ||| Stepping ~*~*~tactically~*~*~ (stealth).
 13421 | Lair:1   | 13421 ||| Stepping ~*~*~tactically~*~*~ (stealth).
 13424 | Lair:1   | 13424 ||| Stepping ~*~*~tactically~*~*~ (stealth).
 13432 | Lair:1   | Reached skill level 3 in Throwing
 13584 | Lair:1   | 13584 ||| Stepping ~*~*~tactically~*~*~ (water).
 13585 | Lair:1   | 13585 ||| INVOKING Berserk.
 14077 | Lair:1   | Noticed Fannar
 14078 | Lair:1   | 14078 ||| Stepping ~*~*~tactically~*~*~ (hiding).
 14079 | Lair:1   | 14079 ||| Stepping ~*~*~tactically~*~*~ (hiding).
 14091 | Lair:1   | Killed Fannar
 14357 | Lair:1   | Noticed Gastronok
 14358 | Lair:1   | 14358 ||| Stepping ~*~*~tactically~*~*~ (hiding).
 14360 | Lair:1   | 14360 ||| Stepping ~*~*~tactically~*~*~ (hiding).
 14363 | Lair:1   | 14363 ||| INVOKING Berserk.
 14372 | Lair:1   | Killed Gastronok
 14373 | Lair:1   | Reached skill level 12 in Armour
 14566 | Lair:1   | 14566 ||| UPGRADING to +1 hat of willpower.
 14631 | Lair:2   | 14631 ||| READING scroll of enchant armour.
 14631 | Lair:2   | 14631 ||| ENCHANTING +1 pair of gloves.
 14656 | Lair:2   | 14656 ||| Stepping ~*~*~tactically~*~*~ (stealth).
 14667 | Lair:2   | 14667 ||| Stepping ~*~*~tactically~*~*~ (stealth).
 14707 | Lair:2   | 14707 ||| Stepping ~*~*~tactically~*~*~ (stealth).
 14711 | Lair:2   | 14711 ||| INVOKING Berserk.
 14730 | Lair:2   | Reached skill level 13 in Fighting
 14791 | Lair:2   | 14791 ||| Stepping ~*~*~tactically~*~*~ (stealth).
 14792 | Lair:2   | 14792 ||| Stepping ~*~*~tactically~*~*~ (stealth).
 14850 | Lair:2   | Found a hole to the Spider Nest.
 14892 | Lair:2   | 14892 ||| Stepping ~*~*~tactically~*~*~ (hiding).
 14893 | Lair:2   | 14893 ||| Stepping ~*~*~tactically~*~*~ (hiding).
 14918 | Lair:2   | Reached skill level 6 in Throwing
 14923 | Lair:2   | 14923 ||| INVOKING Berserk.
 15031 | Lair:2   | Found a frozen archway.
 15358 | Lair:2   | Found a staircase to the Swamp.
 15426 | Lair:2   | 15426 ||| READING scroll of enchant armour.
 15426 | Lair:2   | 15426 ||| ENCHANTING +1 hat of willpower.
 15719 | Lair:3   | 15719 ||| Stepping ~*~*~tactically~*~*~ (stealth).
 15721 | Lair:3   | 15721 ||| Stepping ~*~*~tactically~*~*~ (stealth).
 15725 | Lair:3   | 15725 ||| Stepping ~*~*~tactically~*~*~ (stealth).
 15726 | Lair:3   | 15726 ||| Stepping ~*~*~tactically~*~*~ (stealth).
 15727 | Lair:3   | 15727 ||| Stepping ~*~*~tactically~*~*~ (stealth).
 15887 | Lair:3   | 15887 ||| Stepping ~*~*~tactically~*~*~ (stealth).
 15888 | Lair:3   | 15888 ||| Stepping ~*~*~tactically~*~*~ (stealth).
 15889 | Lair:3   | 15889 ||| Stepping ~*~*~tactically~*~*~ (stealth).
 15948 | Lair:3   | Identified the +5 quarterstaff "Hell-Harrower" {venom,
                  | rElec Str+5 Int+2}
 16018 | Lair:3   | Reached skill level 14 in Fighting
 16024 | Lair:3   | 16024 ||| Stepping ~*~*~tactically~*~*~ (stealth).
 16112 | Lair:3   | Noticed a four-headed hydra
 16113 | Lair:3   | 16113 ||| INVOKING Brothers in Arms.
 16114 | Lair:3   | 16114 ||| SWAPPING to +0 morningstar.
 16115 | Lair:3   | 16115 ||| INVOKING Berserk.
 16117 | Lair:3   | Killed a four-headed hydra
 16128 | Lair:3   | 16128 ||| SWAPPING to +4 war axe of electrocution.
 16552 | Lair:4   | 16552 ||| STAIRDANCE
 16554 | Lair:3   | 16554 ||| INVOKING Berserk.
 16690 | Lair:4   | Noticed a six-headed hydra
 16691 | Lair:4   | 16691 ||| INVOKING Brothers in Arms.
 16693 | Lair:4   | 16693 ||| SWAPPING to +0 morningstar.
 16694 | Lair:4   | 16694 ||| INVOKING Berserk.
 16696 | Lair:4   | Killed a six-headed hydra
 16701 | Lair:4   | 16701 ||| SWAPPING to +4 war axe of electrocution.
 16909 | Lair:4   | Reached XP level 13. HP: 125/125 MP: 12/12
 16924 | Lair:4   | 16924 ||| READING scroll of enchant weapon.
 16924 | Lair:4   | 16924 ||| ENCHANTING +4 war axe of electrocution.
 16930 | Lair:4   | 16930 ||| INVOKING Berserk.
 16942 | Lair:4   | Reached skill level 15 in Fighting
 17006 | Lair:4   | 17006 ||| FLEEEEING.
 17007 | Lair:4   | 17007 ||| FLEEEEING.
 17317 | Lair:4   | Noticed Kirke
 17318 | Lair:4   | 17318 ||| INVOKING Trog's Hand.
 17323 | Lair:4   | 17323 ||| INVOKING Berserk.
 17329 | Lair:4   | Killed Kirke
 17455 | Lair:4   | Reached skill level 6 in Dodging
 17583 | Lair:4   | 17583 ||| INVOKING Berserk.
 17825 | Lair:5   | Entered Level 5 of the Lair of Beasts
 17874 | Lair:5   | 17874 ||| Stepping ~*~*~tactically~*~*~ (stealth).
 17875 | Lair:5   | 17875 ||| INVOKING Berserk.
 17878 | Lair:5   | Reached skill level 16 in Fighting
 17932 | Lair:5   | 17932 ||| FLEEEEING.
 17933 | Lair:5   | 17933 ||| FLEEEEING.
 17942 | Lair:5   | 17942 ||| STAIRDANCE
 18147 | Lair:5   | 18147 ||| Stepping ~*~*~tactically~*~*~ (stealth).
 18224 | Lair:5   | Found a staircase to the Slime Pits.
 18224 | Lair:5   | Found a viscous altar of Jiyva.
 18250 | Lair:5   | 18250 ||| Stepping ~*~*~tactically~*~*~ (hiding).
 18291 | Lair:5   | 18291 ||| Stepping ~*~*~tactically~*~*~ (hiding).
 18435 | Lair:5   | 18435 ||| FLEEEEING.
 18436 | Lair:5   | 18436 ||| FLEEEEING.
 18437 | Lair:5   | 18437 ||| FLEEEEING.
 18447 | Lair:5   | 18447 ||| INVOKING Berserk.
 18697 | Lair:5   | 18697 ||| INVOKING Brothers in Arms.
 18698 | Lair:5   | 18698 ||| INVOKING Brothers in Arms.
 18700 | Lair:5   | 18700 ||| SWAPPING to +0 morningstar.
 18701 | Lair:5   | 18701 ||| INVOKING Berserk.
 18714 | Lair:5   | 18714 ||| SWAPPING to +5 war axe of electrocution.
 18834 | Lair:5   | 18834 ||| INVOKING Berserk.
 18841 | Lair:5   | Reached skill level 15 in Armour
 18990 | Lair:5   | 18990 ||| Stepping ~*~*~tactically~*~*~ (stealth).
 19009 | Lair:5   | 19009 ||| Stepping ~*~*~tactically~*~*~ (stealth).
 19031 | Lair:5   | 19031 ||| INVOKING Berserk.
 19035 | Lair:5   | Reached XP level 14. HP: 138/138 MP: 13/13
 19046 | Lair:5   | Reached skill level 17 in Fighting
 19233 | Lair:5   | 19233 ||| Stepping ~*~*~tactically~*~*~ (stealth).
 19236 | Lair:5   | 19236 ||| Stepping ~*~*~tactically~*~*~ (stealth).
 19249 | Lair:5   | Reached ***** piety under Trog
 19362 | Lair:5   | 19362 ||| Stepping ~*~*~tactically~*~*~ (stealth).
 19386 | Lair:5   | 19386 ||| Stepping ~*~*~tactically~*~*~ (stealth).
 19534 | Lair:5   | 19534 ||| Stepping ~*~*~tactically~*~*~ (stealth).
 19536 | Lair:5   | 19536 ||| INVOKING Brothers in Arms.
 19539 | Lair:5   | 19539 ||| INVOKING Berserk.
 19693 | Lair:5   | 19693 ||| INVOKING Brothers in Arms.
 19694 | Lair:5   | 19694 ||| INVOKING Brothers in Arms.
 19696 | Lair:5   | 19696 ||| INVOKING Berserk.
 19968 | Lair:5   | 19968 ||| Stepping ~*~*~tactically~*~*~ (hiding).
 19969 | Lair:5   | 19969 ||| Stepping ~*~*~tactically~*~*~ (hiding).
 19970 | Lair:5   | 19970 ||| Stepping ~*~*~tactically~*~*~ (hiding).
 20099 | Lair:5   | 20099 ||| INVOKING Brothers in Arms.
 20118 | Lair:5   | 20118 ||| INVOKING Berserk.
 20289 | Lair:5   | 20289 ||| DROPPING +0 morningstar.
 20309 | Lair:5   | 20309 ||| Stepping ~*~*~tactically~*~*~ (hiding).
 20310 | Lair:5   | 20310 ||| INVOKING Berserk.
 20331 | Lair:5   | Reached skill level 18 in Fighting
 20932 | Lair:5   | 20932 ||| PLANNING D:1-11
 21228 | D:11     | 21228 ||| READING scroll of acquirement.
 21228 | D:11     | 21228 ||| ACQUIRING ring of Moderation {Fire rPois Str+4}
 21228 | D:11     | Acquired the ring of Moderation {Fire rPois Str+4}
 21230 | D:11     | 21230 ||| UPGRADING to ring of Moderation {Fire rPois
                  | Str+4}.
 21263 | D:11     | 21263 ||| READING scroll of enchant weapon.
 21263 | D:11     | 21263 ||| ENCHANTING +5 war axe of electrocution.
 21318 | D:11     | Identified the +8 falchion "Arbiter" {drain, +Blink rPois}
 21520 | D:11     | Found Mapu Biz's Distillery.
 21535 | D:11     | 21535 ||| BUYING potion of curing (36 gold).
 21535 | D:11     | Bought a potion of curing for 36 gold pieces
 21535 | D:11     | 21535 ||| BUYING potion of curing (36 gold).
 21535 | D:11     | Bought a potion of curing for 36 gold pieces
 21535 | D:11     | 21535 ||| BUYING potion of curing (36 gold).
 21535 | D:11     | Bought a potion of curing for 36 gold pieces
 21535 | D:11     | 21535 ||| BUYING potion of curing (36 gold).
 21535 | D:11     | Bought a potion of curing for 36 gold pieces
 21535 | D:11     | 21535 ||| BUYING potion of haste (120 gold).
 21535 | D:11     | Bought a potion of haste for 120 gold pieces
 21535 | D:11     | 21535 ||| BUYING potion of heal wounds (60 gold).
 21535 | D:11     | Bought a potion of heal wounds for 60 gold pieces
 21535 | D:11     | 21535 ||| BUYING potion of might (48 gold).
 21535 | D:11     | Bought a potion of might for 48 gold pieces
 21535 | D:11     | 21535 ||| BUYING potion of might (48 gold).
 21535 | D:11     | Bought a potion of might for 48 gold pieces
 21580 | D:11     | 21580 ||| FLEEEEING.
 21581 | D:11     | 21581 ||| FLEEEEING.
 21582 | D:11     | 21582 ||| FLEEEEING.
 21583 | D:11     | 21583 ||| FLEEEEING.
 21584 | D:11     | 21584 ||| FLEEEEING.
 21585 | D:11     | 21585 ||| FLEEEEING.
 21586 | D:11     | 21586 ||| FLEEEEING.
 21587 | D:11     | 21587 ||| FLEEEEING.
 21591 | D:11     | 21591 ||| Stepping ~*~*~tactically~*~*~ (hiding).
 21775 | D:11     | 21775 ||| PLANNING D
 21775 | D:11     | 21775 ||| UPGRADING to ring of protection from cold.
 21777 | D:11     | 21777 ||| UPGRADING to +4 ring of evasion.
 21779 | D:11     | 21779 ||| READING 13 scrolls of identify.
 21779 | D:11     | 21779 ||| IDENTIFYING fuming blue potion
 21780 | D:11     | 21780 ||| DROPPING potion of attraction.
 21828 | D:12     | 21828 ||| Stepping ~*~*~tactically~*~*~ (stealth).
 21828 | D:12     | Found a staircase to the Orcish Mines.
 21829 | D:12     | 21829 ||| Stepping ~*~*~tactically~*~*~ (stealth).
 21855 | D:12     | 21855 ||| INVOKING Berserk.
 21868 | D:12     | 21868 ||| INVOKING Brothers in Arms.
 21933 | D:12     | 21933 ||| Stepping ~*~*~tactically~*~*~ (stealth).
 21934 | D:12     | 21934 ||| Stepping ~*~*~tactically~*~*~ (stealth).
 21936 | D:12     | 21936 ||| INVOKING Berserk.
 22139 | D:12     | 22139 ||| Stepping ~*~*~tactically~*~*~ (stealth).
 22154 | D:12     | 22154 ||| Stepping ~*~*~tactically~*~*~ (stealth).
 22155 | D:12     | 22155 ||| Stepping ~*~*~tactically~*~*~ (stealth).
 22338 | D:12     | 22338 ||| FLEEEEING.
 22339 | D:12     | 22339 ||| FLEEEEING.
 22340 | D:12     | 22340 ||| FLEEEEING.
 22341 | D:12     | 22341 ||| FLEEEEING.
 22345 | D:12     | 22345 ||| FLEEEEING.
 22346 | D:12     | 22346 ||| FLEEEEING.
 22595 | D:12     | Identified the ring "Jalamot" {Fly rC+ rCorr}
 23140 | D:12     | 23140 ||| DROPPING amulet of the acrobat.
 23141 | D:12     | 23141 ||| UPGRADING to ring "Jalamot" {Fly rC+ rCorr}.
 23177 | D:12     | 23177 ||| DROPPING ring of protection from cold.
 23178 | D:12     | 23178 ||| UPGRADING to ring of Moderation {Fire rPois
                  | Str+4}.
 23180 | D:12     | 23180 ||| READING 12 scrolls of identify.
 23180 | D:12     | 23180 ||| IDENTIFYING lumpy clear potion
 23188 | D:13     | 23188 ||| Stepping ~*~*~tactically~*~*~ (hiding).
 23189 | D:13     | 23189 ||| Stepping ~*~*~tactically~*~*~ (hiding).
 23200 | D:13     | 23200 ||| Stepping ~*~*~tactically~*~*~ (hiding).
 23205 | D:13     | 23205 ||| Stepping ~*~*~tactically~*~*~ (stealth).
 23218 | D:13     | 23218 ||| Stepping ~*~*~tactically~*~*~ (stealth).
 23219 | D:13     | 23219 ||| Stepping ~*~*~tactically~*~*~ (stealth).
 23221 | D:13     | 23221 ||| Stepping ~*~*~tactically~*~*~ (stealth).
 23222 | D:13     | 23222 ||| Stepping ~*~*~tactically~*~*~ (stealth).
 23236 | D:13     | 23236 ||| FLEEEEING.
 23242 | D:13     | 23242 ||| STAIRDANCE
 23330 | D:13     | Reached XP level 15. HP: 149/149 MP: 14/14
 23358 | D:13     | 23358 ||| Stepping ~*~*~tactically~*~*~ (hiding).
 23378 | D:13     | Found a transporter.
 23406 | D:13     | 23406 ||| Stepping ~*~*~tactically~*~*~ (hiding).
 23419 | D:13     | 23419 ||| Stepping ~*~*~tactically~*~*~ (stealth).
 23462 | D:13     | 23462 ||| Stepping ~*~*~tactically~*~*~ (hiding).
 23495 | D:13     | Identified the +5 robe "Soluaguk" {rF- Int+6 Dex+4}
 23546 | D:13     | Reached skill level 9 in Throwing
 23677 | D:13     | 23677 ||| INVOKING Berserk.
 23773 | D:13     | 23773 ||| DROPPING +0 vorpal morningstar.
 23776 | D:13     | Identified the +0 scale mail of Shadows and Fog {*Slow
                  | rCorr Str+3 Dex+2 SInv}
 23877 | D:13     | 23877 ||| Stepping ~*~*~tactically~*~*~ (stealth).
 23879 | D:13     | 23879 ||| Stepping ~*~*~tactically~*~*~ (stealth).
 23888 | D:13     | Received a gift from Trog
 24004 | D:13     | Found a transporter.
 24010 | D:13     | Found a transporter.
 24146 | D:13     | 24146 ||| INVOKING Brothers in Arms.
 24147 | D:13     | 24147 ||| SWAPPING to +2 eveningstar of draining.
 24148 | D:13     | 24148 ||| INVOKING Berserk.
 24163 | D:13     | 24163 ||| SWAPPING to +6 war axe of electrocution.
 24337 | D:13     | Found a transporter.
 24524 | D:13     | 24524 ||| UPGRADING to +0 kite shield.
 24549 | D:14     | 24549 ||| Stepping ~*~*~tactically~*~*~ (hiding).
 24552 | D:14     | 24552 ||| Stepping ~*~*~tactically~*~*~ (hiding).
 24756 | D:14     | 24756 ||| INVOKING Berserk.
 24759 | D:14     | Reached skill level 3 in Shields
 24905 | D:14     | Noticed Rupert
 24906 | D:14     | 24906 ||| INVOKING Trog's Hand.
 24907 | D:14     | 24907 ||| INVOKING Brothers in Arms.
 24910 | D:14     | 24910 ||| INVOKING Berserk.
 24922 | D:14     | Killed Rupert
 24923 | D:14     | Reached skill level 6 in Shields
 24933 | D:14     | Found a gate to the Vaults.
 25108 | D:14     | 25108 ||| INVOKING Berserk.
 25427 | D:14     | 25427 ||| Stepping ~*~*~tactically~*~*~ (stealth).
 25431 | D:14     | 25431 ||| INVOKING Berserk.
 25611 | D:14     | 25611 ||| Stepping ~*~*~tactically~*~*~ (hiding).
 25612 | D:14     | 25612 ||| INVOKING Berserk.
 25906 | D:14     | 25906 ||| UPGRADING to +3 chain mail of fire resistance.
 25956 | D:15     | Entered Level 15 of the Dungeon
 25958 | D:15     | 25958 ||| Stepping ~*~*~tactically~*~*~ (stealth).
 25972 | D:15     | Reached skill level 9 in Shields
 26000 | D:15     | Noticed Agnes
 26004 | D:15     | 26004 ||| INVOKING Berserk.
 26012 | D:15     | Killed Agnes
 26016 | D:15     | 26016 ||| Stepping ~*~*~tactically~*~*~ (hiding).
 26017 | D:15     | 26017 ||| Stepping ~*~*~tactically~*~*~ (hiding).
 26031 | D:15     | 26031 ||| INVOKING Brothers in Arms.
 26032 | D:15     | HP: 26/151 [orc warrior/+0 war axe[an orc knight] (19)]
 26033 | D:15     | 26033 ||| READING 12 scrolls of teleportation.
 26034 | D:15     | 26034 ||| DRINKING 7 potions of heal wounds.
 26034 | D:15     | Slain by an orc knight

Levels and vault maps discovered:
D:1:      zelgadis_glass_arrival_small, layout_rooms,
          shapermc_ecumenical_altar_flowoftime
D:2:      layout_rooms, hangedman_decor_diamond_cutter, serial_bayou_pond_c,
          nicolae_elevator_lobby_asterisk
D:3:      layout_basic
D:4:      corexii_shack_village, layout_gridville, enter_ossuary_2, uniq_grinder
D:5:      layout_rooms, mainiacjoe_overflow_brackets,
          minmay_misc_feat_secret_circle, uniq_eustachio, uniq_ijyb, uniq_edmund
D:6:      minmay_inner_zag, layout_loops_corners,
          nicolae_gozag_conspicuous_consumption, fiery_altar_vehumet,
          dk_yredelemnul_ordeal, minmay_temple_entry_butterflies
D:7:      layout_layer_cave, tgw_fedhas, zin_academy
D:8:      layout_cave_pools, minmay_misc_feat_ornament, uniq_maurice
D:9:      minmay_chopped_fan, layout_basic, general_overflow_altar,
          tso_oasis_becter, led_sif_pool, uniq_psyche
D:10:     layout_basic, grunt_dithmenos_smoke_and_mirrors,
          nicolae_uskayaw_murder_on_the_dancefloor, dpeg_oklobed_lair,
          kennysheep_another_room, nicolae_specific_store, uniq_erolcha
D:11:     layout_cross, serial_shops, shop, small_chamber_with_monster
D:12:     layout_basic, orc_0_dummy
D:13:     layout_loops_ring, serial_demonic, serial_demonic_b, serial_demonic_e,
          serial_demonic_e, serial_demonic_f, nicolae_transporter_intersection
D:14:     layout_gridville, david_vaults_3
D:15:     grunt_enter_depths_giant_problem, layout_cave_pools, minivault_19,
          biasface_ghost_orc_armoury, uniq_agnes
Lair:1:   layout_regular_city, infiniplex_staircase_pool, grunt_megastairs_5,
          uniq_fannar, uniq_gastronok, uniq_urug
Lair:2:   layout_gridlike, skrybe_swamp_entry_bodies, spider_nest_entry_a,
          portal_ice_cave_entry_pillars_1
Lair:3:   layout_regular_city, grunt_megastairs_2
Lair:4:   layout_long_grid, amcnicky_mini_pool_medium, uniq_kirke
Lair:5:   due_jungle_book, layout_regular_city, nicolae_slime_entry_slimehenge

Skill      XL: |  1  2  3  4  5  6  7  8  9 10 11 12 13 14 15 |
---------------+----------------------------------------------+-----
Axes           | 4 5 6 7 9 10 12 14 16 | 16.1
Armour         | 3 5 7 8 11 13 15 17 | 17.0
Fighting       | 4 5 6 8 9 12 14 16 18 | 18.9
Dodging        | 3 4 5 6 8 |  8.0
Throwing       | 1 2 6 7 8 9 |  9.0
Shields        | 10 | 10.5

Action                   |  1- 3 |  4- 6 |  7- 9 | 10-12 | 13-15 || total
-------------------------+-------+-------+-------+-------+-------++-------
Melee: Hand axe          |    37 |       |       |       |       ||    37
       Headbutt          |     6 |     4 |    43 |    61 |   205 ||   319
       War axe           |    21 |    33 |   281 |   436 |   767 ||  1538
       Punch             |     1 |       |     3 |     3 |     7 ||    14
       Unarmed           |       |       |       |     6 |       ||     6
       Morningstar       |       |       |       |     4 |     3 ||     7
       Eveningstar       |       |       |       |       |     2 ||     2
Throw: Boomerang         |       |       |       |    63 |    74 ||   137
       Javelin           |       |       |       |    40 |    61 ||   101
Invok: Berserk           |     3 |     5 |     7 |    18 |    22 ||    55
       Trog's Hand       |       |       |     2 |       |     2 ||     4
       Brothers in Arms  |       |       |       |     2 |     8 ||    10
  Use: Potion            |     2 |       |     3 |       |     1 ||     6
       Scroll            |     4 |     3 |    13 |     9 |     6 ||    35
 Stab: Distracted        |     1 |       |       |       |       ||     1
Armor: Animal skin       |     2 |       |       |       |       ||     2
       Plate armour      |    14 |     8 |   109 |   162 |   343 ||   636
       Skin              |       |       |       |     2 |       ||     2
       Chain mail        |       |       |       |       |    36 ||    36
Dodge: Dodged            |    16 |    10 |   119 |   145 |   309 ||   599
Block: Other             |       |       |     2 |    62 |    93 ||   157
       Reflection        |       |       |     1 |     4 |     3 ||     8
       Kite shield       |       |       |       |       |    97 ||    97

Table legend:
 A = Non-vault XP
 B = Vault XP
 C = Vault XP percentage of total XP
 D = Non-vault monster count
 E = Vault monster count
 F = Vault count percentage of total count
                 A         B        C        D         E       F
            +---------+---------+-------+---------+---------+-------
      Total |   90844 |   49981 |  35.5 |     452 |     147 |  24.5
            +---------+---------+-------+---------+---------+-------
        D:1 |       8 |       0 |   0.0 |       5 |       0 |   0.0
        D:2 |      29 |       0 |   0.0 |      14 |       0 |   0.0
        D:3 |     407 |       0 |   0.0 |      18 |       0 |   0.0
        D:4 |     456 |     266 |  36.8 |      22 |       5 |  18.5
        D:5 |     996 |     408 |  29.1 |      25 |       3 |  10.7
        D:6 |    1277 |     364 |  22.2 |      21 |       7 |  25.0
        D:7 |    1598 |       0 |   0.0 |      34 |       0 |   0.0
        D:8 |    2594 |     362 |  12.2 |      26 |       1 |   3.7
        D:9 |    1095 |    5827 |  84.2 |      17 |      13 |  43.3
       D:10 |    2703 |     878 |  24.5 |      12 |       1 |   7.7
       D:11 |    2924 |     338 |  10.4 |      17 |       1 |   5.6
       D:12 |    7765 |       0 |   0.0 |      37 |       0 |   0.0
       D:13 |    8296 |    3944 |  32.2 |      28 |       9 |  24.3
       D:14 |   11066 |    7256 |  39.6 |      27 |      20 |  42.6
       D:15 |    7492 |    1456 |  16.3 |      16 |       1 |   5.9
     Lair:1 |    1124 |    5397 |  82.8 |       6 |      13 |  68.4
     Lair:2 |    4043 |     917 |  18.5 |      27 |       2 |   6.9
     Lair:3 |    4556 |       0 |   0.0 |      18 |       0 |   0.0
     Lair:4 |    8185 |    2947 |  26.5 |      17 |       9 |  34.6
     Lair:5 |   24230 |   18484 |  43.3 |      65 |      38 |  36.9
    Ossuary |       0 |    1137 | 100.0 |       0 |      24 | 100.0
            +---------+---------+-------+---------+---------+-------
